 Dungeon Crawl Stone Soup version 0.29.1-14-g9c671dbff4 (webtiles) character file.

Game seed: 8858787784046579623

2066 Gabide the Covert (level 9, -6/85 HPs)
             Began as a Naga Monk on Feb 19, 2023.
             Mangled by a fire elemental (8 damage)
             ... summoned by a deep elf pyromancer
             ... on level 8 of the Dungeon.
             The game lasted 00:15:48 (9636 turns).

Gabide the Covert (Naga Monk)                       Turns: 9636, Time: 00:15:49

Health: -6/85      AC: 11    Str: 13    XL:     9   Next: 26%
Magic:  9/9        EV: 16    Int: 11    God:
Gold:   421        SH:  0    Dex: 18    Spells: 8/8 levels left

rFire   . . .      SeeInvis +   a - +0 dagger (venom)
rCold   . . .      Faith    .   (no shield)
rNeg    . . .      Spirit   .   b - +0 robe
rPois   +          Reflect  .   (no helmet)
rElec   .          Harm     .   x - +2 cloak
rCorr   .          Rampage  .   (no gloves)
Will    +....                   (no barding)
Stlth   ++++......              r - amulet of the acrobat
HPRegen 0.24/turn               t - +4 ring of protection
MPRegen 0.11/turn               G - +4 ring of evasion

@: very slow
A: AC +3, large, see invisible, deformed body, poison resistance, slowness 2,
spit poison 1, naga tail 1
a: Spit Poison


You were on level 8 of the Dungeon.
You visited 1 branch of the dungeon, and saw 8 of its levels.

You collected 421 gold pieces.

Inventory:

Hand Weapons
 a - a +0 dagger of venom (weapon)
Missiles
 i - 2 atropa-tipped darts
 u - 4 curare-tipped darts
Armour
 b - a +0 robe (worn)
 x - a +2 cloak (worn)
Jewellery
 h - an amulet of guardian spirit
 m - the ring of the Dolphin {rN+ Str+2 Int+3}
   (You found it on level 2 of the Dungeon)

   [ring of positive energy]

   Str:       It affects your strength (+2).
   Int:       It affects your intelligence (+3).
   rN:        It protects you from negative energy.
 r - an amulet of the acrobat (around neck)
 t - a +4 ring of protection (left hand)
 v - a +6 ring of dexterity
 C - a ring of protection from cold
 E - a +6 ring of dexterity
 G - a +4 ring of evasion (right hand)
Wands
 y - a wand of flame (21)
 B - a wand of acid (20)
Scrolls
 c - 2 scrolls of silence
 e - a scroll of amnesia {unknown}
 f - 3 scrolls of enchant armour
 g - a scroll of blinking
 j - 2 scrolls of teleportation
 q - a scroll of vulnerability
 s - a scroll of summoning {unknown}
 w - a scroll of fog {unknown}
 A - a scroll of immolation {unknown}
 D - a scroll of magic mapping {unknown}
 H - a scroll of enchant weapon {unknown}
Potions
 d - 3 potions of attraction
 k - 2 potions of heal wounds {unknown}
 l - 9 potions of curing
 n - a potion of mutation {unknown}
 o - 2 potions of magic {unknown}
 p - 2 potions of flight {unknown}
 z - 3 potions of might
 F - 2 potions of berserk rage {unknown}


   Skills:
 + Level 6.6 Fighting
 + Level 6.6 Short Blades
 + Level 5.5 Dodging
 + Level 9.6 Stealth


You had 8 spell levels left.
You didn't know any spells.
Your spell library contained the following spells:

 Spells                   Type           Power      Damage    Failure   Level
 Beastly Appendage        Tmut           0%         N/A       34%         1
 Poisonous Vapours        Pois/Air       0%         N/A       47%         2
 Wereblood                Tmut           0%         N/A       47%         2
 Confusing Touch          Hex            0%         N/A       71%         3
 Spider Form              Tmut/Pois      0%         N/A       71%         3
 Corpse Rot               Necr/Pois/Air  0%         N/A       98%         4
 Yara's Violent Unravell  Hex/Tmut       0%         3d3       100%        5
 Enfeeble                 Hex            0%         N/A       100%        7


Dungeon Overview and Level Annotations

Branches:
Dungeon (8/15)             Temple (0/1) D:6
   Lair: D:8-11

Altars:
Ashenzari
Cheibriados
Kikubaaqudgha
Nemelex Xobeh
Sif Muna
Xom

Shops:
D:5 (   D:6 (


Innate Abilities, Weirdness & Mutations

Your serpentine skin is tough. (AC +3)
You have supernaturally acute eyesight. (SInv)
Armour fits poorly on your strangely shaped body.
Your system is resistant to poisons. (rPois)
You cover ground very slowly.
You can spit poison.
You have a snake-like lower body.


Message History

The deep elf pyromancer gestures wildly while chanting.
The deep elf pyromancer blinks!
Throw: 5 darts (curare)
Press: ? - help, Shift-Dir - straight line, f - deep elf pyromancer
Aim: a deep elf pyromancer, wielding a +0 long sword (54% to hit)
You throw a curare-tipped dart.
The curare-tipped dart barely misses the deep elf pyromancer.
The curare-tipped dart hits the cyclops.
The cyclops looks even sicker.
The cyclops convulses.
The cyclops seems to slow down.
The cyclops is severely wounded.
The orc priest mumbles some strange prayers to Beogh against you.
Beogh smites you!
* * * LOW HITPOINT WARNING * * *
The deep elf pyromancer hits you with a +0 long sword.
* * * LOW HITPOINT WARNING * * *
You feel better.
The deep elf pyromancer hits you with a +0 long sword.
* * * LOW HITPOINT WARNING * * *
The deep elf pyromancer gestures wildly while chanting.
The orc priest completely misses you.
The deep elf pyromancer attacks as you move away!
The deep elf pyromancer completely misses you.
The portcullis has been lowered almost to the ground.
The deep elf pyromancer gestures wildly while chanting.
The deep elf pyromancer blinks!
The fire elemental closely misses you.
The fire elemental completely misses you.
The deep elf pyromancer is engulfed in blazing flames.
The fire elemental misses you. The orc priest completely misses you.
The fire elemental misses you. The fire elemental closely misses you.
The cyclops is no longer moving slowly.
The fire elemental misses you.
The fire elemental completely misses you.
There is a stone staircase leading up here.
The fire elemental hits you. The fire elemental burns you!
* * * LOW HITPOINT WARNING * * *
The fire elemental barely misses you.
The orc priest hits you from afar with a +0 trident.
* * * LOW HITPOINT WARNING * * *
The fire elemental hits you. The fire elemental burns you!
You die...

######### ........#
.....##.# #.#.#.#.###
........@.#
.#.#.#..EE#######
.......o°○'.....#
#.#.#.#.○°#####+##.. .
.......C#.°......#..
#.#.#.#.#.#..e.........
....................#
.#.#.#.#.#.#........####
........................


You could see a cyclops (poisoned), a deep elf pyromancer, 2 fire elementals and
an orc priest.

Vanquished Creatures
  A troll (D:8)
  A wyvern (D:8)
  The ghost of jaiteiro the Chiller, an amateur MiIE (D:4)
  A steam dragon (D:6)
  An ice beast (D:7)
  2 black bears (D:6)
  A centaur (D:8)
  An ogre (D:6)
  A kobold brigand (D:6)
  A bullfrog (D:8)
  A scorpion (D:5)
  3 jellies
  Crazy Yiuf (D:5)
  3 orc priests
  5 hounds
  2 iguanas (D:6)
  A scorpion zombie (D:3)
  3 orc wizards
  A hound skeleton (D:3)
  2 hound zombies (D:3)
  4 gnolls
  4 adders
  3 shadow imps
  2 white imps
  An adder zombie (D:3)
  2 worms
  4 dart slugs
  24 orcs
  9 endoplasms
  4 giant cockroaches
  11 goblins
  4 hobgoblins
  15 kobolds
  3 quokkas
  4 ball pythons
  A ball python zombie (D:3)
  4 bats
  2 frilled lizards (D:2)
  A giant cockroach zombie (D:3)
  A quokka zombie (D:3)
  14 rats
150 creatures vanquished.

Notes
Turn   | Place    | Note
-------+----------+-------------------------------------------
     0 | D:1      | Gabide the Naga Monk began the quest for the Orb.
     0 | D:1      | Reached XP level 1. HP: 21/21 MP: 1/1
   535 | D:1      | Reached XP level 2. HP: 28/28 MP: 2/2
   809 | D:1      | You fall into a shaft and drop 1 floor!
   849 | D:2      | Reached XP level 3. HP: 23/34 MP: 3/3
  1297 | D:2      | Identified the ring of the Dolphin {rN+ Str+2 Int+3}
  1729 | D:1      | Reached skill level 4 in Stealth
  1898 | D:1      | Reached XP level 4. HP: 40/42 MP: 4/4
  1943 | D:1      | Found a faded altar of an unknown god.
  2945 | D:3      | Reached XP level 5. HP: 50/50 MP: 5/5
  3943 | D:4      | Found a runed translucent door.
  3949 | D:4      | Noticed jaiteiro's ghost (amateur MiIE)
  4003 | D:4      | Reached skill level 5 in Stealth
  4771 | D:4      | Reached XP level 6. HP: 52/57 MP: 6/6
  4927 | D:4      | Killed jaiteiro's ghost
  5125 | D:5      | Entered Level 5 of the Dungeon
  5136 | D:5      | Reached skill level 6 in Stealth
  5473 | D:5      | Reached XP level 7. HP: 38/66 MP: 7/7
  5784 | D:5      | Found Sazuen's Antique Weapon Boutique.
  5986 | D:5      | Found a runed translucent door.
  5987 | D:5      | Noticed Crazy Yiuf
  6073 | D:5      | Found a shimmering altar of Xom.
  6075 | D:5      | Found a snail-covered altar of Cheibriados.
  6075 | D:5      | Found a broken altar of Ashenzari.
  6077 | D:5      | Found a shimmering blue altar of Sif Muna.
  6077 | D:5      | Found a broken altar of Ashenzari.
  6077 | D:5      | Found an ancient bone altar of Kikubaaqudgha.
  6336 | D:5      | Killed Crazy Yiuf
  6502 | D:6      | Reached skill level 5 in Fighting
  6502 | D:6      | Reached skill level 5 in Short Blades
  6596 | D:6      | Reached skill level 7 in Stealth
  6721 | D:6      | Reached XP level 8. HP: 55/74 MP: 8/8
  7353 | D:6      | Reached skill level 8 in Stealth
  7353 | D:6      | Found Muxkot's Weapon Shoppe.
  7705 | D:6      | Found a staircase to the Ecumenical Temple.
  8285 | D:7      | Found a sparkling altar of Nemelex Xobeh.
  8383 | D:7      | Reached skill level 5 in Dodging
  9301 | D:8      | Reached skill level 9 in Stealth
  9301 | D:8      | Reached XP level 9. HP: 80/82 MP: 9/9
  9589 | D:8      | Noticed a cyclops
  9597 | D:8      | Noticed a troll
  9617 | D:8      | Noticed a deep elf pyromancer
  9626 | D:8      | Killed a troll
  9627 | D:8      | HP: 4/85 [orc priest/divine providence (12)]
  9627 | D:8      | HP: 1/85 [deep elf pyromancer/+0 long sword (3)]
  9636 | D:8      | HP: 2/85 [orc priest/+0 trident (3)]
  9636 | D:8      | Mangled by a fire elemental

Illustrated notes

Levels and vault maps discovered:
D:1:      dpeg_arrival_houses_and_road, layout_loops_corners,
          hellmonk_ecumenical_altar_defaced_shrine, corexii_leaking_fountain,
          minmay_rat_gold_closets
D:2:      layout_basic, minivault_24, due_unseen_surprise
D:3:      layout_loops_corners, serial_undead, serial_undead_b, serial_undead_d,
          serial_undead_b, serial_undead_c, serial_undead_e, serial_undead_a,
          serial_undead_b, serial_undead_c, dreamdust_princess_bridge
D:4:      layout_layer_cave, hellmonk_ghost_happy_afterlife
D:5:      layout_cave_pools, doesnt_xom_only_xom, serial_shops, shop,
          st_stairs_7, nicolae_fountain_basement, uniq_crazy_yiuf_cottage
D:6:      black_bear_nest_1, layout_basic, minmay_temple_entry_from_below_b,
          serial_shops, shop
D:7:      layout_basic, mainiacjoe_overflow_surrounded_room
D:8:      cheibrodos_fzero, layout_basic, enter_bailey_6, hex_large

Skill      XL: |  1  2  3  4  5  6  7  8 |
---------------+-------------------------+-----
Stealth        | 4 5 6 7 9 |  9.6
Dodging        | 3 4 5 |  5.5
Fighting       | 4 5 6 |  6.6
Short Blades   | 4 5 6 |  6.6

Action                   |  1- 3 |  4- 6 |  7- 9 || total
-------------------------+-------+-------+-------++-------
Melee: Short sword       |    39 |       |       ||    39
       Dagger            |    12 |   222 |   275 ||   509
       Punch             |       |     5 |     7 ||    12
Throw: Dart              |       |       |     8 ||     8
 Abil: Spit Poison       |    41 |    26 |     4 ||    71
Evoke: Wand              |       |    10 |       ||    10
  Use: Scroll            |       |     5 |     7 ||    12
       Potion            |       |     1 |     1 ||     2
 Stab: Sleeping          |     1 |     6 |     6 ||    13
       Paralysed         |       |     3 |       ||     3
       Invisible         |       |       |     2 ||     2
       Distracted        |       |       |     1 ||     1
Armor: Robe              |    12 |    57 |    98 ||   167
Dodge: Dodged            |    17 |   154 |   226 ||   397
